 Dungeon Crawl Stone Soup version 0.27-a0-1139-g28e009f8a6 (webtiles) character file.

Game seed: 9673624692540351267

97 leviel the Chopper (level 4, -2/40 HPs)
             Began as a Minotaur Fighter on May 7, 2021.
             Slain by an orc wizard
             ... wielding a +0 dagger
              (3 damage)
             ... while paralysed
             ... on level 3 of the Dungeon.
             The game lasted 00:02:12 (1953 turns).

leviel the Chopper (Minotaur Fighter)               Turns: 1953, Time: 00:02:13

Health: -2/40      AC:  6    Str: 19 (22) XL:     4   Next: 42%
Magic:  3/3        EV:  2    Int:  0 (3)  God:
Gold:   63         SH:  0    Dex:  7 (9)  Spells: 3/3 levels left

rFire    . . .     SeeInvis .   a - +0 war axe
rCold    . . .     Faith    .   c - +0 kite shield
rNeg     . . .     Spirit   .   b - +0 scale mail
rPois    +         Reflect  .   (helmet restricted)
rElec    .         Harm     .   (no cloak)
rCorr    .         Rampage  .   (no gloves)
Will     .....                  (no boots)
Stlth    ..........             (no amulet)
HPRegen  0.13/turn              (no ring)
MPRegen  0.08/turn              (no ring)

@: paralysed, flying, slowed, lost intelligence
A: horns 2, retaliatory headbutt, hooves 1, dopey 1, poison resistance, sturdy
frame 1
a: no special abilities


You were on level 3 of the Dungeon.
You visited 1 branch of the dungeon, and saw 3 of its levels.

You collected 63 gold pieces.

Inventory:

Hand Weapons
 a - a +0 war axe (weapon)
Armour
 b - a +0 scale mail (worn)
 c - a +0 kite shield (worn)
Jewellery
 j - a ring of fire
Potions
 d - 2 potions of might
 i - a potion of resistance {unknown}
 k - 2 potions of haste {unknown}


   Skills:
 - Level 3.6 Fighting
 + Level 5.6 Axes
 - Level 3.6 Armour
 - Level 3.6 Shields


You had 3 spell levels left.
You didn't know any spells.
Your spell library contained the following spells:

 Spells                   Type           Power      Damage    Failure   Level
 Confusing Touch          Hex            0%         N/A       100%        3
 Gell's Gravitas          Tloc           0%         N/A       100%        3
 Petrify                  Tmut/Erth      0%         N/A       100%        4
 Metabolic Englaciation   Hex/Ice        0%         N/A       100%        5
 Yara's Violent Unravell  Hex/Tmut       0%         3d3       100%        5


Dungeon Overview and Level Annotations

Branches:
Dungeon (3/15)

Altars:


Innate Abilities, Weirdness & Mutations

You have a pair of horns on your head.
You reflexively headbutt those who attack you in melee.
You have large cloven feet.
You are dopey. (Int -2)
Your system is resistant to poisons. (rPois)
Your movements are slightly less encumbered by armour. (ER -2)


Message History

You hit the goblin. Your headbutt misses the goblin.
The goblin is severely wounded.
The orc wizard points at itself and mumbles some strange words.
The orc wizard flickers and vanishes!
Deactivating autopickup; reactivate with Ctrl-A.
You block the goblin's attack.
You barely miss the goblin. You kick the goblin.
You kill the goblin!
The goblin shoots a stone.
The stone hits you.
* * * LOW HITPOINT WARNING * * *
The goblin shoots a stone.
The stone hits you.
* * * LOW HITPOINT WARNING * * *
The goblin unwields a +0 hunting sling.
The goblin wields a +0 club.
You block the goblin's attack.
There is a stone staircase leading up, spattered with blood here.
Items here: )))) ††††.
You miss something. You kick something. You barely miss the goblin.
Something hits you but does no damage. You block the goblin's attack.
Unknown command.
You closely miss something. You closely miss the goblin. Something hits you.
* * * LOW HITPOINT WARNING * * *
You block the goblin's attack. Something hits you but does no damage.
You miss something. You kick something. You hit the goblin.
You kill the goblin!
Something hits you but does no damage.
You miss something. Your kick misses something. Your headbutt misses something.
Something hits you.
* * * LOW HITPOINT WARNING * * *
Something hits you.
* * * LOW HITPOINT WARNING * * *
It was a potion of flight.
You feel very buoyant.
You fly up into the air.
Something hits you but does no damage.
It was a potion of degeneration.
There was something very wrong with that liquid.
You feel weakened.
You feel dopey.
You have lost your intelligence.
You feel clumsy. Something hits you but does no damage. Something hits you.
You die...

....#####
.?...g.. .#
........ #.
......... . ##
#...#.#.# ..
... #..g
...#... ..
#..# .....
#.#.{##).###..
#...)@........
##...##)......
.......##
..#####
....... ....
....#.> ...##
....##. ...#
... #. ...# .
#. #..# ..


There were no monsters in sight!

Vanquished Creatures
  Robin (D:3)
  2 adders (D:2)
  A worm (D:2)
  2 dart slugs (D:2)
  4 endoplasms (D:1)
  3 giant cockroaches
  12 goblins
  12 hobgoblins
  4 kobolds
  5 ball pythons
  4 bats
  4 frilled lizards
  A rat (D:2)
55 creatures vanquished.

Vanquished Creatures (others)
  A fungus (D:1)
  2 plants (D:1)
3 creatures vanquished.

Grand Total: 58 creatures vanquished

Notes
Turn   | Place    | Note
-------+----------+-------------------------------------------
     0 | D:1      | leviel the Minotaur Fighter began the quest for the Orb.
     0 | D:1      | Reached XP level 1. HP: 19/19 MP: 0/0
   123 | D:1      | Reached skill level 3 in Axes
   133 | D:1      | Reached XP level 2. HP: 27/27 MP: 1/1
   306 | D:1      | Found a faded altar of an unknown god.
   583 | D:1      | Reached skill level 4 in Axes
   957 | D:1      | Reached XP level 3. HP: 31/33 MP: 2/2
  1260 | D:2      | Reached skill level 5 in Axes
  1344 | D:2      | Reached XP level 4. HP: 40/40 MP: 3/3
  1684 | D:2      | Gained mutation: Armour fits poorly on your strangely
                  | shaped body. [potion of mutation]
  1685 | D:2      | Lost mutation: Armour fits poorly on your strangely shaped
                  | body. [potion of mutation]
  1685 | D:2      | Gained mutation: You have large cloven feet. [potion of
                  | mutation]
  1685 | D:2      | Gained mutation: Your movements are slightly less
                  | encumbered by armour. (ER -2) [potion of mutation]
  1685 | D:2      | Gained mutation: You are dopey. (Int -2) [potion of
                  | mutation]
  1685 | D:2      | Gained mutation: Your system is resistant to poisons.
                  | (rPois) [potion of mutation]
  1924 | D:3      | Noticed Robin
  1937 | D:3      | Killed Robin
  1950 | D:3      | HP: 1/40 [something (2)]
  1952 | D:3      | Lost intelligence.
  1953 | D:3      | Slain by an orc wizard

Illustrated notes

Levels and vault maps discovered:
D:1:      wander_arrival_fairy_ring, layout_basic, basic_ecumenical_altar,
          roderic_nine_men_s_morris, serial_bayou_pond_b,
          hangedman_abyss_or_decor_stabs
D:2:      layout_basic
D:3:      layout_basic, uniq_terence, uniq_robin

Skill      XL: |  1  2  3 |
---------------+----------+-----
Axes           | 3 4 5 |  5.6
Fighting       | |  3.6
Armour         | |  3.6
Shields        | |  3.6

Action                   |  1- 3 |  4- 6 || total
-------------------------+-------+-------++-------
Melee: War axe           |    76 |    28 ||   104
       Headbutt          |     8 |     2 ||    10
       Kick              |       |     7 ||     7
  Use: Potion            |       |     4 ||     4
       Scroll            |       |     1 ||     1
Armor: Scale mail        |    37 |    14 ||    51
Dodge: Dodged            |    22 |     8 ||    30
Block: Kite shield       |    41 |    18 ||    59

Table legend: (Time is in decaauts)
 A = Elapsed time spent in this place.
 B = Non-inter-level travel time spent in this place.
 C = Inter-level travel time spent in this place.
 D = Time resting spent in this place.
 E = Time spent auto-exploring this place.
 F = Levels seen in this place.
 G = Mean time per level.
                   A        B        C        D        E       F      G
               +--------+--------+--------+--------+--------+-----+--------+
         Total |   2007 |   1960 |     47 |      0 |   1678 |   3 |  669.0 |
       Dungeon |   2007 |   1960 |     47 |      0 |   1678 |   3 |  669.0 |
               +--------+--------+--------+--------+--------+-----+--------+

Top non-repeatable levels by time:
     D:1: 1060 daAuts
     D:2: 908 daAuts
     D:3: 39 daAuts
